 Dungeon Crawl Stone Soup version 0.31-a0-188-g5e087ee2ca (webtiles) character file.

Game seed: 374453354430410095

45 qw the Shooter (level 3, 0/20 HPs)
             Began as a Deep Elf Hunter on June 23, 2023.
             Slain by a goblin
             ... wielding a +0 dagger
             ... led by Robin
              (2 damage)
             ... on level 2 of the Dungeon.
             The game lasted 00:00:22 (987 turns).

qw the Shooter (Deep Elf Hunter)                     Turns: 987, Time: 00:00:23

Health: 0/20       AC:  4    Str: 10    XL:     3   Next: 42%
Magic:  5/5        EV: 12    Int: 13    God:
Gold:   141        SH:  0    Dex: 18    Spells: 2/2 levels left

rFire   . . .        Y - +0 shortbow
rCold   . . .        (shield currently unavailable)
rNeg    . . .        c - +0 leather armour
rPois   .            (no helmet)
rElec   .            (no cloak)
rCorr   .            f - +0 pair of gloves
SInv    .            (no boots)
Will    .....        (no amulet)
Stlth   ++           (no ring)
HPRegen 0.23/turn    (no ring)
MPRegen 0.09/turn

%: no passive effects
@: no status effects
A: no striking features
a: no special abilities


You were on level 2 of the Dungeon.
You visited 1 branch of the dungeon, and saw 2 of its levels.

You collected 141 gold pieces.


   Skills:
 - Level 1.5 Fighting
 + Level 7.0 Ranged Weapons
 - Level 2.4 Dodging
 - Level 1.2 Stealth


You had 2 spell levels left.
You didn't know any spells.
Your spell library was empty.

Inventory:

Hand Weapons
 Y - a +0 shortbow (weapon)
Armour
 b - a +0 ring mail
 c - a +0 leather armour (worn)
 f - a +0 pair of gloves (worn)
Scrolls
 a - a scroll of immolation {unknown}
Potions
 h - a potion of lignification {unknown}
 i - a potion of resistance {unknown}

Dungeon Overview and Level Annotations

Branches:
Dungeon (2/15)

Altars:

Annotations:
D:2 Robin


Message History

You shoot an arrow. The arrow barely misses the goblin.
The goblin shouts!
The endoplasm quivers.
Robin throws the goblin at you!
A goblin comes into view. It is wielding a +0 dagger.
The goblin hits you but does no damage. The goblin barely misses you.
The goblin hits you but does no damage.
A goblin comes into view. It is wielding a +0 dagger.
Robin roars a battlecry!
The goblins go into a battle-frenzy!
The goblin hits you with a +0 club.
You hear an angry hiss.
You shoot an arrow. The goblin shouts!
The arrow hits the goblin.
The goblin is heavily wounded.
You hear an angry hiss.
The goblin hits you with a +0 dagger.
A goblin comes into view. It is wielding a +0 dagger.
A hobgoblin comes into view.
The goblin hits you with a +0 club.
You shoot an arrow. The goblin shouts!
The arrow hits the goblin.
You kill the goblin!
An adder comes into view.
Robin throws the goblin at you! The goblin hits you with a +0 dagger.
The goblin hits you but does no damage. The goblin hits you with a +0 dagger.
An adder comes into view.
Your Ranged Weapons skill increases to level 7!
You shoot an arrow. The arrow hits the goblin.
You kill the goblin!
The goblin hits you with a +0 dagger.
You shoot an arrow. The arrow barely misses the goblin.
Robin throws the goblin at you!
The goblin hits you but does no damage. x2
The goblin misses you. The goblin hits you with a +0 dagger.
You shoot an arrow. The arrow hits the goblin!
You kill the goblin!
The goblin hits you with a +0 dagger.
You die...

.> ... .Sg. gJ###
.g..### #
#.g%.###.#
#gg)#...#
#@)....#
##########g)..###
#.............#
#.######........#
#.# ....####.###
#)# ##.### ..#
#(## #. .# #..###
$. ##...## #.
.###


You could see an adder, an endoplasm, 2 hobgoblins and 5 goblins.

Vanquished Creatures
  An adder (D:2)
  A ball python (D:1)
  4 endoplasms (D:1)
  A giant cockroach (D:1)
  7 goblins
  5 hobgoblins
  4 jackals (D:2)
  A bat (D:1)
  2 frilled lizards
  2 kobolds
  5 rats
33 creatures vanquished.

Notes
Turn   | Place    | Note
-------+----------+-------------------------------------------
     0 | D:1      | qw the Deep Elf Hunter began the quest for the Orb.
     0 | D:1      | Reached XP level 1. HP: 12/12 MP: 3/3
     0 | D:1      | 0 ||| qw: Version: 0.3-a-9-g12657ce
     0 | D:1      | 0 ||| qw: Game counter: 4207
     0 | D:1      | 0 ||| qw: Always use a shield: true
     0 | D:1      | 0 ||| qw: God list: Okawaru
     0 | D:1      | 0 ||| qw: Allow faded altars: false
     0 | D:1      | 0 ||| qw: Do Orc after D:15 true
     0 | D:1      | 0 ||| qw: Do second Lair branch before Depths: true
     0 | D:1      | 0 ||| qw: Lair rune preference: random
     0 | D:1      | 0 ||| qw: Plans: Normal
     0 | D:1      | 0 ||| PLANNING D:1-11
   204 | D:1      | Reached XP level 2. HP: 16/16 MP: 4/4
   209 | D:1      | Reached skill level 6 in Ranged Weapons
   831 | D:1      | 831 ||| UPGRADING to +0 pair of gloves.
   836 | D:1      | 836 ||| READING scroll labelled EFELUGR DICU.
   840 | D:1      | 840 ||| READING scroll labelled FAUNED OBOADD.
   841 | D:1      | 841 ||| READING scroll labelled CEALIKHLOBAA.
   842 | D:1      | 842 ||| DROPPING scroll of butterflies.
   900 | D:2      | Reached XP level 3. HP: 20/20 MP: 5/5
   979 | D:2      | Noticed Robin
   984 | D:2      | HP: 5/20 [goblin/+0 dagger[Robin] (3)]
   985 | D:2      | Reached skill level 7 in Ranged Weapons
   986 | D:2      | HP: 2/20 [goblin/+0 dagger[Robin] (3)]
   987 | D:2      | Slain by a goblin

Levels and vault maps discovered:
D:1:      matt_arrival_spirals, layout_basic, item_on_display_a
D:2:      layout_rooms, uniq_robin, uniq_crazy_yiuf_cottage

Skill      XL: |  1  2  3 |
---------------+----------+-----
Ranged Weapons | 6 7 |  7.0
Fighting       | |  1.5
Dodging        | |  2.4
Stealth        | |  1.2

Action                     || total
---------------------------++-------
   Fire: Shortbow          ||    93
    Use: Scroll            ||     3
 Armour: Leather armour    ||     9
  Dodge: Dodged            ||    16

Table legend:
 A = Non-vault XP
 B = Vault XP
 C = Vault XP percentage of total XP
 D = Non-vault monster count
 E = Vault monster count
 F = Vault count percentage of total count
                 A         B        C        D         E       F
            +---------+---------+-------+---------+---------+-------
      Total |      61 |       6 |   9.0 |      30 |       3 |   9.1
            +---------+---------+-------+---------+---------+-------
        D:1 |      31 |       0 |   0.0 |      19 |       0 |   0.0
        D:2 |      30 |       6 |  16.7 |      11 |       3 |  21.4
            +---------+---------+-------+---------+---------+-------
